 Dungeon Crawl Stone Soup version 0.29-a0-330-g52719c12eb (webtiles) character file.

Game seed: 3764204623060806815

6 Ajdolov the Scratcher (level 1, 0/9 HPs)
             Began as a Felid Transmuter on May 5, 2022.
             Slain by a kobold
             ... wielding a +0 dagger
              (2 damage)
             ... on level 1 of the Dungeon.
             The game lasted 00:01:36 (159 turns).

Ajdolov the Scratcher (Felid Transmuter)             Turns: 159, Time: 00:01:36

Health: 0/9        AC:  1    Str:  6    XL:     1   Next: 75%
Magic:  3/4        EV: 17    Int: 14    God:
Gold:   9          SH:  0    Dex: 16    Spells: 3/4 levels left
                                        Lives:  0   Deaths: 0

rFire   . . .      SeeInvis +     - Unarmed
rCold   . . .      Faith    .   (shield unavailable)
rNeg    . . .      Spirit   .   (body armour unavailable)
rPois   .          Reflect  .   (helmet unavailable)
rElec   .          Harm     .   (cloak unavailable)
rCorr   .          Rampage  .   (gloves unavailable)
Will    .....                   (boots unavailable)
Stlth   ++........              (no amulet)
HPRegen 0.03/turn               c - ring of flight
MPRegen 0.09/turn               (no ring)

@: appendages, flying, quick
A: horns 2, very small, claws 1, fangs 3, see invisible, speed 1, shaggy fur 1,
stealthy paws, no weapons or thrown items, no armour, multi-lived
a: End Transformation


You were on level 1 of the Dungeon.
You had temporarily grown beastly horns.
You visited 1 branch of the dungeon, and saw 1 of its levels.

You collected 9 gold pieces.

Inventory:

Jewellery
 c - a ring of flight (left paw)
Scrolls
 d - a scroll of identify {unknown}
Potions
 a - a potion of lignification
 b - a potion of invisibility {unknown}


   Skills:
 - Level 1.0 Fighting
 - Level 2.6 Dodging
 * Level 2.2 Stealth
 - Level 3.0 Unarmed Combat
 - Level 2.0 Spellcasting
 - Level 2.1 Transmutations


You had 3 spell levels left.
You knew the following spells:

 Your Spells              Type           Power      Damage    Failure   Level
a - Beastly Appendage     Tmut           14%        N/A       10%         1

Your spell library contained the following spells:

 Spells                   Type           Power      Damage    Failure   Level
 Wereblood                Tmut           7%         N/A       14%         2
 Spider Form              Tmut/Pois      4%         N/A       41%         3
 Ice Form                 Ice/Tmut       4%         N/A       83%         4


Dungeon Overview and Level Annotations

Branches:
Dungeon (1/15)

Altars:


Innate Abilities, Weirdness & Mutations

You have temporarily grown beastly horns.
You have sharp claws.
You have razor-sharp teeth.
You have supernaturally acute eyesight. (SInv)
You cover ground quickly. (Speed+)
You are covered in fur. (AC +1)
Your paws help you pounce on unaware monsters.
You are incapable of wielding weapons or throwing items.
You cannot wear armour.
You gain extra lives every three experience levels.


Message History

You barely miss the jackal.
The jackal is severely wounded.
The jackal completely misses you. The jackal closely misses you.
You closely miss the jackal.
The jackal is severely wounded.
The jackal bites you.
* * * LOW HITPOINT WARNING * * *
Unknown command.
You scratch the jackal but do no damage.
The jackal is severely wounded.
The jackal completely misses you. The jackal closely misses you.
Unknown command.
You scratch the jackal.
You kill the jackal!
The ball python misses you. The ball python completely misses you.
Your Stealth skill increases to level 2!
Unknown command.
Your horns disappear.
You see here a +0 short sword.
There is an open door here.
You see here a +0 dagger.
There is an open door here.
You reach down and close the door.
You start resting.
You are too injured to fight recklessly!
Casting: Beastly Appendage (safe; 10% risk of failure)
Press: ? - help, Q - select action Dir - look around, f - activate You grow a pair of large bovine horns.
Unknown command.
You closely miss the ball python. The ball python bites you.
* * * LOW HITPOINT WARNING * * *
The ball python grabs you. The ball python constricts you.
You claw the ball python!
You kill the ball python!
The kobold throws a stone.
The stone misses you. The kobold closely misses you.
There is an open door here.
You completely miss the kobold. Your bite misses the kobold.
The kobold hits you with a +0 dagger.
You die...

### #≈.♣≈≈♣PP≈≈PP≈#
#≈P♣≈≈♣P.≈≈P♣≈#
#≈P.≈≈PPP≈≈♣.≈#
#≈♣P≈≈P♣♣≈≈.P≈###
#####≈.P≈≈≈≈≈≈≈♣P≈#..
#...#≈♣♣≈....)≈.♣≈###
#...#≈≈≈≈.###.≈≈≈≈###
#<..@K....#§#.....'.#
#...#≈≈≈≈.###K≈≈≈≈#..
#...#≈.♣≈(....≈P♣≈###
#####≈P♣≈≈≈≈≈≈≈P.≈#
#≈♣.≈≈♣PP≈≈♣P≈#
#≈♣.≈≈.♣♣≈≈P.≈#
#≈♣♣≈≈.PP≈≈.♣≈#
#≈PP≈≈PP.≈≈PP≈#
#≈PP≈≈P♣♣≈≈P♣≈#


You could see a kobold.

Vanquished Creatures
  2 giant cockroaches (D:1)
  2 jackals (D:1)
  A ball python (D:1)
5 creatures vanquished.

Notes
Turn   | Place    | Note
-------+----------+-------------------------------------------
     0 | D:1      | Ajdolov the Felid Transmuter began the quest for the Orb.
     0 | D:1      | Reached XP level 1. HP: 9/9 MP: 4/4
    86 | D:1      | Reached skill level 1 in Stealth
   159 | D:1      | Slain by a kobold

Illustrated notes

Levels and vault maps discovered:
D:1:      lightli_arrival_farm, layout_loops_ring,
          shapermc_ecumenical_altar_notcrosses, corexii_leaking_fountain,
          minmay_hexomino_p4

Skill      XL: |  1 |
---------------+----+-----
Stealth        | 2 |  2.2
Fighting       | |  1.0
Dodging        | |  2.6
Unarmed Combat | |  3.0
Spellcasting   | |  2.0
Transmutations | |  2.1

Action                   || total
-------------------------++-------
Melee: Unarmed           ||    28
       Bite              ||     4
 Cast: Beastly Appendage ||     2
Armor: Skin              ||     2
Dodge: Dodged            ||    27

Table legend: (Time is in decaauts)
 A = Elapsed time spent in this place.
 B = Non-inter-level travel time spent in this place.
 C = Inter-level travel time spent in this place.
 D = Time resting spent in this place.
 E = Time spent auto-exploring this place.
 F = Levels seen in this place.
 G = Mean time per level.
                   A        B        C        D        E       F      G
               +--------+--------+--------+--------+--------+-----+--------+
         Total |    141 |    141 |      0 |      9 |     67 |   1 |  141.0 |
       Dungeon |    141 |    141 |      0 |      9 |     67 |   1 |  141.0 |
               +--------+--------+--------+--------+--------+-----+--------+

Top non-repeatable levels by time:
     D:1: 141 daAuts
